 Dungeon Crawl Stone Soup version 0.28-a0-533-g9f97627e2a (webtiles) character file.

Game seed: 17390688902160079393

6 DungeonMaster the Skirmisher (level 1, 0/18 HPs)
             Began as a Demonspawn Wanderer on Sept 26, 2021.
             Slain by a giant cockroach (2 damage)
             ... on level 2 of the Dungeon.
             The game lasted 00:00:31 (299 turns).

DungeonMaster the Skirmisher (Demonspawn Wanderer)   Turns: 299, Time: 00:00:31

Health: 0/18       AC:  2    Str: 15    XL:     1   Next: 75%
Magic:  1/1        EV: 11    Int: 12    God:
Gold:   21         SH:  0    Dex: 10    Spells: 0/0 levels left

rFire   . . .      SeeInvis .   a - +2 dagger
rCold   . . .      Faith    .   (no shield)
rNeg    . . .      Spirit   .   f - +0 robe
rPois   .          Reflect  .   (no helmet)
rElec   .          Harm     .   (no cloak)
rCorr   .          Rampage  .   (no gloves)
Will    .....                   (no boots)
Stlth   ++........              (no amulet)
HPRegen 0.06/turn               (no ring)
MPRegen 0.07/turn               (no ring)

@: no status effects
A: no striking features
a: no special abilities


You were on level 2 of the Dungeon.
You visited 1 branch of the dungeon, and saw 2 of its levels.

You collected 21 gold pieces.

Inventory:

Hand Weapons
 a - a +2 dagger (weapon)
 c - a +0 shortbow
Missiles
 d - 26 arrows
Armour
 f - a +0 robe (worn)
Scrolls
 b - a scroll of fear
Potions
 e - a potion of curing
 g - a potion of attraction {unknown}


   Skills:
 * Level 3.2 Fighting
 - Level 1.0 Bows
 - Level 1.0 Armour
 * Level 1.3 Dodging
 - Level 2.6 Stealth
 - Level 1.0 Evocations


You couldn't memorise any spells.
You didn't know any spells.
Your spell library was empty.

Dungeon Overview and Level Annotations

Branches:
Dungeon (2/15)

Altars:


Message History

The kobold hits you with a +0 short sword.
The giant cockroach barely misses you.
You are too injured to fight recklessly!
You are too injured to fight recklessly!
You are too injured to fight recklessly!
You are too injured to fight recklessly!
You are too injured to fight recklessly!
You are too injured to fight recklessly!
You are too injured to fight recklessly!
You are too injured to fight recklessly!
You are too injured to fight recklessly!
You are too injured to fight recklessly!
The giant cockroach barely misses you.
The kobold throws a stone.
The stone barely misses you.
The kobold throws a stone.
The stone hits you.
You closely miss the giant cockroach. The giant cockroach closely misses you.
You hit the giant cockroach but do no damage.
The giant cockroach bites you.
* * * LOW HITPOINT WARNING * * *
The giant cockroach bites you but does no damage.
You hit the giant cockroach but do no damage.
The giant cockroach misses you.
You closely miss the giant cockroach. The giant cockroach closely misses you.
The kobold throws a stone.
The stone closely misses you.
There is a stone staircase leading down here.
The giant cockroach barely misses you. The giant cockroach bites you.
* * * LOW HITPOINT WARNING * * *
You climb downwards.
There is a stone staircase leading up here.
You hit the giant cockroach.
The giant cockroach is moderately wounded.
The giant cockroach bites you.
* * * LOW HITPOINT WARNING * * *
You hit the giant cockroach.
The giant cockroach is heavily wounded.
The giant cockroach bites you but does no damage.
You hit the giant cockroach.
The giant cockroach is severely wounded.
The giant cockroach bites you.
You die...

##########
.........#
#.@B#
...........#
..#........#
#........#
#.##...###
#. #...# #
##.## #.#


You could see a giant cockroach.

Vanquished Creatures
  A bat (D:1)
  A goblin (D:1)
  3 ball pythons (D:1)
5 creatures vanquished.

Notes
Turn   | Place    | Note
-------+----------+-------------------------------------------
     0 | D:1      | DungeonMaster the Demonspawn Wanderer began the quest for
                  | the Orb.
     0 | D:1      | DungeonMaster set off with the following items: a +2
                  | dagger, a scroll of fear, a +0 shortbow, 26 arrows, a
                  | potion of curing, a +0 robe
     0 | D:1      | Reached XP level 1. HP: 18/18 MP: 1/1
   299 | D:2      | Slain by a giant cockroach

Illustrated notes

Levels and vault maps discovered:
D:1:      erik_arrival_cave_to_civilisation [erik_arrival_cave_to_hall],
          layout_basic, grunt_decor_fettered
D:2:      kennysheep_the_goblin_king, layout_loops_cross,
          chequers_ecumenical_altar_lobes

Action                   || total
-------------------------++-------
Melee: Dagger            ||    25
Armor: Robe              ||     9
Dodge: Dodged            ||    15

Table legend: (Time is in decaauts)
 A = Elapsed time spent in this place.
 B = Non-inter-level travel time spent in this place.
 C = Inter-level travel time spent in this place.
 D = Time resting spent in this place.
 E = Time spent auto-exploring this place.
 F = Levels seen in this place.
 G = Mean time per level.
                   A        B        C        D        E       F      G
               +--------+--------+--------+--------+--------+-----+--------+
         Total |    298 |    298 |      0 |      0 |    242 |   2 |  149.0 |
       Dungeon |    298 |    298 |      0 |      0 |    242 |   2 |  149.0 |
               +--------+--------+--------+--------+--------+-----+--------+

Top non-repeatable levels by time:
     D:1: 296 daAuts
     D:2: 2 daAuts
